Map: Neon Violet Square LE

Players

Swarmlord - Winner!

  • Race: Zerg Zerg
  • League: Silver
  • Spawn Location: 5:00

Imortalic

  • Race: Terran Terran
  • League: Master
  • Spawn Location: 11:00

VOD

Have the link to the VOD?

Description

beat a terran with masters 3 border im silver 1. my 12 pool into swarm host broke his brain and the salt flowed like honey

Time

  • Played on: April 22, 2025, 8:10 a.m.
  • Length: 15:47
Show
View Real Time Build Order
Export as new Build Order

Swarmlord Zerg - Winner!

Build Orders: Pool First 

Get SALT Encoding   

  12  0:19  Spawning Pool  
  11  0:23  Drone  
  11  0:27  Drone  
  13  0:32  Drone  
  14  0:42  Overlord  
  14  0:46  Extractor  
  13  0:50  Drone  
  14  1:08  Zergling x4  
  14  1:10  Queen  
  18  1:18  Zergling x2  
  19  1:28  Zergling x2  
  20  1:57  Drone x2  
  22  2:16  Overlord, Hatchery  
  22  2:18  Overlord  
  21  2:28  Extractor  
  16  2:53  Metabolic Boost  
  16  2:56  Drone x5  
  16  2:57  Drone x2  
  23  3:15  Lair  
  23  3:19  Zergling x4  
  25  3:35  Zergling x2  
  25  3:39  Zergling x2  
  27  3:50  Hatchery  
  27  3:53  Zergling x6  
  27  3:54  Zergling x2  
  30  4:06  Drone  
  30  4:07  Drone x2  
  33  4:10  Zergling x2  
  34  4:17  Overlord  
  34  4:31  Queen  
  36  4:42  Drone x4  
  40  4:56  Infestation Pit, Zergling x4  
  40  4:57  Zergling x2  
  42  5:00  Zergling x2  
  43  5:17  Drone x5  
  44  5:48  Zergling x8  
  44  5:49  Zergling x10  
  53  5:50  Zergling x10  
  28  6:33  Hatchery, Zergling x2  
  28  6:34  Zergling x12  
  34  6:42  Hydralisk Den  
  42  7:10  Spine Crawler  
  30  7:34  Drone  
  30  7:35  Drone x4  
  33  7:59  Hatchery  
  32  8:11  Drone, Hatchery  
  32  8:12  Drone  
  33  8:35  Drone x4  
  29  8:54  Zergling x2  
  29  8:55  Zergling x2  
  31  8:57  Zergling x2  
  30  9:06  Zergling x2  
  31  9:25  Zergling x8  
  27  10:14  Hydralisk  
  27  10:18  Hatchery  
  28  10:40  Grooved Spines, Hydralisk  
  30  10:44  Zergling x2  
  30  11:14  Hydralisk  
  30  11:18  Hydralisk  
  34  11:38  Burrow  
  34  13:07  Muscular Augments  
  34  13:27  Hydralisk  
  34  13:28  Hydralisk  
  34  13:32  Overlord  
  34  14:58  Hydralisk x2  
  34  14:59  Hydralisk  
Show
View Real Time Build Order
Export as new Build Order

Imortalic Terran 

Build Orders:  

Get SALT Encoding   

  12  0:00  SCV  
  13  0:12  SCV  
  14  0:19  Supply Depot  
  14  0:25  SCV  
  15  0:41  SCV  
  16  0:43  Barracks  
  16  0:50  Refinery  
  16  0:53  SCV  
  17  1:05  SCV  
  17  1:07  Barracks  
  18  1:17  SCV  
  19  1:27  Refinery  
  19  1:29  SCV  
  20  1:34  Supply Depot  
  20  1:36  Barracks Tech Lab  
  20  1:41  SCV  
  20  1:53  SCV  
  21  1:56  Barracks Reactor  
  21  1:59  Marauder  
  23  2:06  SCV  
  24  2:13  Stimpack  
  24  2:19  Marine  
  25  2:25  Orbital Command  
  25  2:33  Marine  
  24  2:42  Marine  
  22  2:53  SCV  
  22  2:55  Marine  
  24  3:06  SCV  
  25  3:14  Factory  
  25  3:15  Marine  
  25  3:17  Marine  
  27  3:25  Supply Depot  
  27  3:34  Marauder  
  29  3:35  Marine  
  29  3:37  Marine  
  31  3:52  Combat Shield  
  31  3:55  Marauder  
  33  3:57  Factory Tech Lab  
  33  4:03  Marine x2  
  35  4:16  Marauder  
  37  4:20  SCV  
  37  4:21  Marine  
  39  4:26  Supply Depot  
  39  4:29  Supply Depot  
  39  4:32  Supply Depot  
  39  4:47  Marine x2  
  39  4:48  Siege Tank, Marauder  
  46  5:05  Marine x2  
  48  5:11  Marauder  
  50  5:20  Siege Tank  
  53  5:23  Marine x2  
  55  5:33  Marauder  
  51  5:52  Marine x2  
  51  5:54  Marauder  
  31  6:12  Marine x2  
  31  6:15  Marine  
  23  6:30  Marine x2  
  24  6:33  Marauder  
  24  6:39  SCV  
  27  6:51  Marine  
  28  6:55  Marauder  
  23  7:35  Marauder, SCV  
  15  8:04  SCV  
  16  8:20  SCV  
  17  8:32  SCV  
  17  9:03  Marine x3  
  19  9:20  SCV, Marine  
  21  9:24  Marine  
  22  9:32  SCV  
  23  9:44  SCV  
  24  9:56  SCV  
  25  10:01  Marine x2  
  27  10:09  SCV  
  26  10:21  SCV  
  27  10:33  SCV  
  23  10:45  SCV  
  23  10:46  Siege Tank  
  23  10:47  Marine  
  23  10:48  Marine  
  28  10:50  Marine  
  29  10:57  SCV  
  29  11:00  Bunker  
  30  11:05  Marine  
  29  11:40  SCV  
  30  11:51  Marine x2  
  30  11:52  SCV  
  34  11:54  Command Center  
  34  11:55  Barracks Tech Lab  
  33  12:04  SCV  
  34  12:09  Siege Tank, Marine  
  38  12:19  SCV  
  34  12:36  Bunker  
  23  12:40  Marine x2  
  24  12:56  SCV  
  25  13:01  Refinery  
  25  13:08  SCV  
  26  13:14  SCV  
  27  13:20  SCV  
  25  13:53  Marine  
  25  13:54  Marauder  
  15  14:11  Marine  
  15  14:15  Marauder  
Tags
 
Add a new tag
Caveats
  • Supply blocks, unpowered buildings, or Contaminate may cause inaccurate times.
  • Supply counts are checked every 10 seconds.